 Dungeon Crawl Stone Soup version 0.30-a0-715-gdb4ae3ece1 (webtiles) character file.

Game seed: 17960336632301429996

45 drugrobin the Sneak (level 3, 0/27 (30) HPs)
             Began as a Demigod Delver on Jan 23, 2023.
             Slain by a kobold brigand
             ... wielding a +0 whip
              (7 damage)
             ... in a sewer.
             The game lasted 00:03:22 (632 turns).

drugrobin the Sneak (Demigod Delver)                 Turns: 632, Time: 00:03:23

HP:   0/27 (30)     AC:  4    Str: 13    XL:     3   Next: 25%
MP:   5/5           EV: 12    Int: 12    God:
Gold: 13            SH:  0    Dex: 19    Spells: 1/2 levels left

rFire   . . .      SeeInvis .      - Unarmed
rCold   . . .      Faith    .    (no shield)
rNeg    . . .      Spirit   .    a - +0 leather armour
rPois   .          Reflect  .    (no helmet)
rElec   .          Harm     .    (no cloak)
rCorr   .          Rampage  .    (no gloves)
Will    .....                    i - +0 pair of boots
Stlth   +++                      (no amulet)
HPRegen 0.24/turn                (no ring)
MPRegen 0.09/turn                (no ring)

@: heavily drained
A: high MP 1, forlorn, divine attributes
a: no special abilities


You were in a sewer.
You visited 1 branch of the dungeon, and saw 2 of its levels.
You also visited: Sewer.

You collected 13 gold pieces.

Inventory:

Hand Weapons
 g - a +0 dagger
Missiles
 h - 2 boomerangs (quivered)
Armour
 a - a +0 leather armour (worn)
 i - a +0 pair of boots (worn)
Wands
 f - a wand of digging (2)
Scrolls
 b - a scroll of fog
 d - a scroll of fear
Potions
 e - a potion of haste
 j - a potion of ambrosia {unknown}


   Skills:
 - Level 2.6 Fighting
 - Level 1.7 Dodging
 - Level 4.5 Stealth
 + Level 3.5 Unarmed Combat


You had one spell level left.
You knew the following spells:

 Your Spells              Type           Power      Damage    Failure   Level
a - Kiss of Death         Conj/Necr      0%         2d5       38%         1

Your spell library contained the following spells:

 Spells                   Type           Power      Damage    Failure   Level
 Confusing Touch          Hex            0%         N/A       77%         3
 Dispel Undead            Necr           0%         3d6       99%         4


Dungeon Overview and Level Annotations

Branches:
Dungeon (5/15)              Sewer (1/1)
 Temple: D:4-7

Annotations:
D:4 exclusion: worm


Innate Abilities, Weirdness & Mutations

You have an increased reservoir of magic. (+10% MP)
You shall have no god before yourself.
Your divine heritage dramatically boosts your attributes as you level up.


Message History

A kobold and a kobold brigand come into view.
The kobold brigand is wielding a +0 whip and quivering poisoned darts.
Found a fizzy silvery potion.
Unknown command.
Unknown command.
There is an open door here.
Unknown command.
Unknown command.
The kobold shouts!
The kobold brigand hits you with a +0 whip.
Unknown command.
Unknown command.
Unknown command.
The kobold brigand barely misses you.
Unknown command.
Unknown command.
You hit the kobold.
The kobold is severely wounded.
The kobold hits you but does no damage.
The kobold brigand hits you with a +0 whip.
You hit the kobold.
You kill the kobold!
The kobold brigand hits you with a +0 whip.
Throw: 2 darts (poison)
Press: ? - help, Shift-Dir - straight line, f - kobold brigand
Aim: a kobold brigand, wielding a +0 whip and quivering poisoned darts (55% to hit)
You throw a poisoned dart.
The poisoned dart barely misses the kobold brigand.
The kobold brigand hits you with a +0 whip.
Throw: dart (poison)
Press: ? - help, Shift-Dir - straight line, f/p - kobold brigand
Aim: a kobold brigand, wielding a +0 whip and quivering poisoned darts (55% to hit)
You throw a poisoned dart.
The poisoned dart hits the kobold brigand.
The kobold brigand is poisoned.
The kobold brigand hits you with a +0 whip.
* * * LOW HITPOINT WARNING * * *
It was a potion of cancellation.
You feel magically purged.
The kobold brigand hits you with a +0 whip!
You die...

#### #####
≈≈≈≈≈≈≈≈≈
≈≈≈≈≈≈≈
#######
#!.#..#
#.....
##..)##
#(.K@.#
#.....# ≈
###'####≈#≈
#...~~≈≈≈≈≈
##....~≈≈≈≈≈
#.....≈≈≈≈≈≈
#.....≈≈≈≈≈≈
##....~≈≈≈≈≈
#....≈≈≈≈≈≈


You could see a kobold brigand (poisoned).

Vanquished Creatures
  2 adders (D:4)
  An ufetubus (D:5)
  3 orcs (D:4)
  3 giant cockroaches (D:4)
  4 quokkas (D:4)
  2 kobolds
  5 rats (Sewer)
20 creatures vanquished.

Notes
Turn   | Place    | Note
-------+----------+-------------------------------------------
     0 | D:5      | drugrobin the Demigod Delver began the quest for the Orb.
     0 | D:5      | Reached XP level 1. HP: 18/18 MP: 3/3
     5 | D:5      | Noticed a necrophage
   107 | D:5      | Noticed a scorpion
   131 | D:4      | Reached XP level 2. HP: 25/25 MP: 4/4
   349 | D:4      | Learned a level 1 spell: Kiss of Death
   526 | D:4      | Found a glowing drain.
   532 | D:4      | Reached XP level 3. HP: 25/25 MP: 5/5
   562 | Sewer    | Entered a sewer
   624 | Sewer    | Noticed a kobold brigand
   632 | Sewer    | Slain by a kobold brigand

Illustrated notes

Levels and vault maps discovered:
D:4:      layout_basic, portal_sewer_entry_f, minmay_surrounded
D:5:      layout_basic, temple_pool_b, uniq_edmund
Sewer:    sewer_minmay_treatment

Skill      XL: |  1  2 |
---------------+-------+-----
Unarmed Combat | 2 3 |  3.5
Fighting       | |  2.6
Dodging        | |  1.7
Stealth        | |  4.5

Action                     || total
---------------------------++-------
  Melee: Unarmed           ||    90
         Punch             ||     2
  Throw: Dart              ||     9
   Cast: Kiss of Death     ||     1
  Evoke: Wand              ||     1
    Use: Scroll            ||     1
         Potion            ||     1
   Stab: Sleeping          ||     1
 Armour: Leather armour    ||    20
  Dodge: Dodged            ||    61

Table legend: (Time is in decaauts)
 A = Elapsed time spent in this place.
 B = Non-inter-level travel time spent in this place.
 C = Inter-level travel time spent in this place.
 D = Time resting spent in this place.
 E = Time spent auto-exploring this place.
 F = Levels seen in this place.
 G = Mean time per level.
                   A        B        C        D        E       F      G
               +--------+--------+--------+--------+--------+-----+--------+
         Total |    629 |    614 |     15 |     79 |    163 |   3 |  209.7 |
       Dungeon |    560 |    545 |     15 |     79 |    148 |   2 |  280.0 |
         Sewer |     69 |     69 |      0 |      0 |     15 |   1 |   69.0 |
               +--------+--------+--------+--------+--------+-----+--------+

Top non-repeatable levels by time:
     D:4: 437 daAuts
     D:5: 122 daAuts
   Sewer: 69 daAuts
